cohdb
Replays
Latest Replays
All Replays
Popular Replays
Top Player Replays
Match Explorer
How It Works
Community
CoH3 Stats
Reddit
Sign in to upload your games and track your stats! →
Sign in with Steam
Match 42903186
Unlisted
Match 42903186
Overview
Messages
Build Orders
End
Construct Barracks
Selects Advanced Infantry Battlegroup
Riflemen Squad
1⁄4-ton 4x4 Truck
Riflemen Squad
Riflemen Squad
Grenade Package
Infantry Support Center
Construct Medical Station
Selects Ammunition Storage
Construct Motor Pool
M1 Anti-tank Gun Team
Engineer Squad
Selects Convert to Ranger Squad
M8 Greyhound Armored Car
Selects Designate Assault Position
Designate Assault Position
Zulu Company
saint087
Havoc
thundering17
8jok
Voodoo408
Mr.Wu
TY
0
0
Comments
sign in to comment!
No comments posted yet!